 Dungeon Crawl Stone Soup version 0.20.0-7-g3b7b877 (webtiles) character file.

54 McKennaii the Sneak (level 3, 0/24 HPs)
             Began as an Octopode Assassin on May 29, 2017.
             Slain by a gnoll
             ... wielding a +0 halberd
              (8 damage)
             ... on level 2 of the Dungeon.
             The game lasted 00:01:50 (956 turns).

McKennaii the Sneak (Octopode Assassin)              Turns: 956, Time: 00:01:50

Health: 0/24       AC:  1    Str: 10    XL:     3   Next: 91%
Magic:  12/12      EV: 17    Int: 13    God:
Gold:   74         SH:  0    Dex: 14    Spells: 2/2 levels left

rFire    + . .     SeeInvis .   a - +2 dagger
rCold    . . .     Gourm    .   (no shield)
rNeg     . . .     Faith    .   (helmet restricted)
rPois    .         Spirit   .   (no amulet)
rElec    .         Reflect  .   g - ring of protection from fire
rCorr    .         Harm     .   j - ring of magical power
MR       .....                  l - +4 ring of evasion
Stlth    ++++......             (no ring)
Regen    0.1/turn               (no ring)
MPRegen  0.2/turn               (no ring)
                                (no ring)
                                (no ring)

@: no status effects
A: almost no armour, stealthy swim, amphibious, 8 rings, constrict 8, camouflage
1, gelatinous body 1
a: no special abilities


You were on level 2 of the Dungeon.
You were not hungry.

You visited 1 branch of the dungeon, and saw 2 of its levels.

You collected 74 gold pieces.

Inventory:

Hand Weapons
 a - a +2 dagger (weapon)
 b - a +0 blowgun
Missiles
 c - 8 poisoned needles
 d - 2 curare-tipped needles
Jewellery
 g - a ring of protection from fire (left tentacle)
 j - a ring of magical power (right tentacle)
 l - a +4 ring of evasion (on tentacle)
Scrolls
 i - 2 scrolls of identify {unknown}
 k - a scroll of teleportation {unknown}
 m - a scroll of random uselessness {unknown}
Potions
 e - a potion of mutation {unknown}
Comestibles
 f - 2 bread rations
 h - 2 meat rations
 n - a chunk of flesh


   Skills:
 + Level 2.2 Fighting
 + Level 2.2 Short Blades
 + Level 2.1 Throwing
 + Level 1.0 Dodging
 + Level 7.0 Stealth


You had 2 spell levels left.
You didn't know any spells.

Dungeon Overview and Level Annotations

Branches:
Dungeon (2/15)

Altars:


Innate Abilities, Weirdness & Mutations

You cannot wear most types of armour.
You are very stealthy in the water. (Stealth+)
You are amphibious.
You can wear up to eight rings at the same time.
You can use your tentacles to constrict eight enemies at once.
Your skin changes colour to match your surroundings (Stealth+).
Your rubbery body absorbs attacks. (AC +1, EV +1)


Message History

The ooze quivers.
You hit the gnoll. Your grab misses the gnoll.
The gnoll is lightly wounded.
The gnoll hits you with a whip!
You barely miss the gnoll. You grab the gnoll.
The gnoll is lightly wounded.
You constrict the gnoll, but do no damage.
The gnoll barely misses you.
You hit the gnoll.
The gnoll is moderately wounded.
You constrict the gnoll, but do no damage.
The gnoll hits you with a whip. The gnoll completely misses you.
You are too injured to fight recklessly!
You are too injured to fight recklessly!
You are too injured to fight recklessly!
You are too injured to fight recklessly!
You release your grip on the gnoll.
The gnoll throws a stone.
The stone hits you.
The gnoll hits you from afar with a halberd!
You die...

# #.#......#...#.####.#
#.# # # #.#......+.....#
#..# #.# ## #
#.#......####### ##.# #.#
#. # #.#.........### ..#
#.# #. # #.#........(..#
###.# #.# #.
###+#..........)####....#
#.###.
.........<............#
#.....
.............(........#
#.###.
................@.g...+
#.....
....##+##.........g.g.#
#.##..
###....##.....######..#
#. #.####
.##............. .#
#.##.g.g.
......####....#. ..
..#.#### ......# ####.#..
..#.#.# ......# ..# ..
.#.#g# ......# #...#
......# ##..#


You could see 3 gnolls.

Vanquished Creatures
  Jessica (D:2)
  A leopard gecko (D:1)
  2 giant cockroaches
  3 hobgoblins (D:1)
  3 jackals (D:2)
  2 bats (D:1)
  4 frilled lizards
  5 goblins
  4 kobolds
  3 rats
28 creatures vanquished.

Notes
Turn   | Place    | Note
-------+----------+-------------------------------------------
     0 | D:1      | McKennaii the Octopode Assassin began the quest for the Orb.
     0 | D:1      | Reached XP level 1. HP: 14/14 MP: 1/1
    93 | D:1      | Reached XP level 2. HP: 13/19 MP: 2/2
   240 | D:1      | Reached skill level 6 in Stealth
   519 | D:1      | Reached XP level 3. HP: 16/24 MP: 3/3
   608 | D:2      | Noticed Jessica
   612 | D:2      | Killed Jessica
   651 | D:2      | Reached skill level 7 in Stealth
   956 | D:2      | Slain by a gnoll

Skill      XL: |  1  2  3 |
---------------+----------+-----
Stealth        | 6 7 |  7.0
Fighting       | |  2.2
Short Blades   | |  2.2
Throwing       | |  2.1
Dodging        | |  1.0

Action                   || total
-------------------------++-------
Melee: Dagger            ||    48
       Constrict         ||     9
       Tentacles         ||     1
 Stab: Sleeping          ||    13
Armor: Skin              ||     3
Dodge: Dodged            ||    34
